TOP OF THE 1ST |
Irvine Gang Green batting - Pitching for Maui Tropics : RHP Hokusai Nakashima
|
Pitching: RHP Hokusai Nakashima
|
|
Batting: LHB Tony Tavárez
|
0-0: Called Strike 0-1: Ball 1-1: Ball 2-1: Foul Ball, location: 2F 2-2: Ball 3-2: Base on Balls
|
Batting: LHB Bryce Hopkins
|
0-0: Ball 1-0: Ball 2-0: Foul Ball, location: 2F 2-1: Foul Ball, location: 2F 2-2: Foul Ball, location: 2F 2-2: Ball 3-2: Grounds into double play, 4-6-3 (Groundball, 4)
|
Batting: LHB Jesús Campos
|
0-0: Foul Ball, location: 2F 0-1: Ball 1-1: Ground out 4-3 (Groundball, 4M)
|
Top of the 1st over - 0 run(s), 0 hit(s), 0 error(s), 0 left on base; Irvine 0 - Maui 0 |
BOTTOM OF THE 1ST |
Maui Tropics batting - Pitching for Irvine Gang Green : LHP Frank Jackson
|
Pitching: LHP Frank Jackson
|
|
Batting: RHB Pat Haynes
|
0-0: Ball 1-0: Ground out 5-3 (Groundball, 56S)
|
Batting: RHB Jesús Espinoza
|
0-0: Called Strike 0-1: Ball 1-1: DOUBLE (Flyball, 78XD)
|
Batting: RHB Juan Jose Guevana
|
0-0: Ball 1-0: Ball 2-0: Called Strike 2-1: Swinging Strike 2-2: Strikes out swinging
|
Batting: RHB Ximena Campos
|
0-0: Fly out, F8 (Flyball, 8RD)
|
Bottom of the 1st over - 0 run(s), 1 hit(s), 0 error(s), 1 left on base; Irvine 0 - Maui 0 |
TOP OF THE 2ND |
Irvine Gang Green batting - Pitching for Maui Tropics : RHP Hokusai Nakashima
|
Batting: LHB Leonardo Medina
|
0-0: SINGLE (Groundball, 4MD)
|
Batting: LHB Bill Murphy
|
0-0: Called Strike 0-1: SINGLE (Line Drive, 6D) Leonardo Medina to second
|
Batting: RHB José García
|
0-0: Ball 1-0: Called Strike 1-1: SINGLE (Line Drive, 8LS) Leonardo Medina to third Bill Murphy to second Runner from 3rd tries for Home, SAFE, no throw or cutoff
|
Batting: RHB Pepe González
|
0-0: Called Strike 0-1: Swinging Strike 0-2: Foul Ball, location: 2F 0-2: Strikes out swinging
|
Batting: RHB José Salazar
|
0-0: Ball 1-0: Called Strike 1-1: Ball 2-1: Fly out, F6 (Popup, 6D)
|
Batting: RHB Earl Wiggins
|
0-0: Ball 1-0: Foul Ball, location: 2F 1-1: Ball 2-1: Ball 3-1: Base on Balls Bill Murphy to third José García to second
|
Batting: LHB Tony Tavárez
|
0-0: Called Strike 0-1: Ground out 4-3 (Groundball, 4)
|
Top of the 2nd over - 1 run(s), 3 hit(s), 0 error(s), 3 left on base; Irvine 1 - Maui 0 |
BOTTOM OF THE 2ND |
Maui Tropics batting - Pitching for Irvine Gang Green : LHP Frank Jackson
|
Batting: RHB Damian Yates
|
0-0: Called Strike 0-1: Called Strike 0-2: Strikes out swinging
|
Batting: RHB Phil White
|
0-0: Called Strike 0-1: Fly out, F4 (Popup, 34)
|
Batting: RHB Armando Martínez
|
0-0: Called Strike 0-1: DOUBLE (Line Drive, 89M)
|
Batting: RHB Enrique Flores
|
0-0: Ball 1-0: Ball 2-0: Ground out 6-3 (Groundball, 6)
|
Bottom of the 2nd over - 0 run(s), 1 hit(s), 0 error(s), 1 left on base; Irvine 1 - Maui 0 |
TOP OF THE 3RD |
Irvine Gang Green batting - Pitching for Maui Tropics : RHP Hokusai Nakashima
|
Batting: LHB Bryce Hopkins
|
0-0: Fly out, F8 (Flyball, 8LD)
|
Batting: LHB Jesús Campos
|
0-0: Ball 1-0: Foul Ball, location: 2F 1-1: Called Strike 1-2: Ball 2-2: Ground out 4-3 (Groundball, 4)
|
Batting: LHB Leonardo Medina
|
0-0: Foul Ball, location: 2F 0-1: Foul Ball, location: 2F 0-2: Foul Ball, location: 2F 0-2: Strikes out swinging
|
Top of the 3rd over - 0 run(s), 0 hit(s), 0 error(s), 0 left on base; Irvine 1 - Maui 0 |
BOTTOM OF THE 3RD |
Maui Tropics batting - Pitching for Irvine Gang Green : LHP Frank Jackson
|
Batting: RHB Jung-ha Kim
|
0-0: DOUBLE (Flyball, 7LD)
|
Batting: RHB Pat Haynes
|
0-0: Ball 1-0: Ball 2-0: Ground out 5-3 (Groundball, 5S) Jung-ha Kim to third
|
Batting: RHB Jesús Espinoza
|
0-0: Ball 1-0: Foul Ball, location: 2F 1-1: Fly out, F4 (Popup, 34D)
|
Batting: RHB Juan Jose Guevana
|
0-0: Called Strike 0-1: Ball 1-1: Fly out, F8 (Flyball, 78XD)
|
Bottom of the 3rd over - 0 run(s), 1 hit(s), 0 error(s), 1 left on base; Irvine 1 - Maui 0 |
TOP OF THE 4TH |
Irvine Gang Green batting - Pitching for Maui Tropics : RHP Hokusai Nakashima
|
Batting: LHB Bill Murphy
|
0-0: Ball 1-0: Called Strike 1-1: Swinging Strike 1-2: Foul Ball, location: 2F 1-2: Ball 2-2: Ground out U3 (Groundball, 3)
|
Batting: RHB José García
|
0-0: SINGLE (Line Drive, 89S)
|
Batting: RHB Pepe González
|
0-0: Ball 1-0: Ball 2-0: Ground out 5-3 (Groundball, 5S) José García to second
|
Batting: RHB José Salazar
|
0-0: Ground out 6-3 (Groundball, 6M)
|
Top of the 4th over - 0 run(s), 1 hit(s), 0 error(s), 1 left on base; Irvine 1 - Maui 0 |
BOTTOM OF THE 4TH |
Maui Tropics batting - Pitching for Irvine Gang Green : LHP Frank Jackson
|
Now in CF: Lorenzo Quintanilla
|
|
Batting: RHB Ximena Campos
|
0-0: Ball 1-0: Foul Ball, location: 2F 1-1: Called Strike 1-2: Ball 2-2: Foul Ball, location: 2F 2-2: Foul Ball, location: 2F 2-2: Ball 3-2: Foul Ball, location: 2F 3-2: Ground out 5-3 (Groundball, 56S)
|
Batting: RHB Damian Yates
|
0-0: Ball 1-0: Called Strike 1-1: SINGLE (Line Drive, 34)
|
Batting: RHB Phil White
|
0-0: SINGLE (Line Drive, 34D) Damian Yates to second
|
Batting: RHB Armando Martínez
|
0-0: Called Strike 0-1: Ball 1-1: Swinging Strike 1-2: SINGLE (Flyball, 89S) Damian Yates to third Phil White to second
|
Batting: RHB Enrique Flores
|
0-0: Called Strike 0-1: DOUBLE (Flyball, 7LM) Damian Yates scores Phil White scores Armando Martínez to third
|
Batting: RHB Jung-ha Kim
|
0-0: SINGLE (Groundball, 56D) Armando Martínez scores Enrique Flores to third Runner from 3rd tries for Home, SAFE, no throw or cutoff
|
Batting: RHB Pat Haynes
|
0-0: Called Strike Jung-ha Kim is caught stealing 2nd base 0-1: Fly out, F9 (Flyball, 9LM)
|
Bottom of the 4th over - 4 run(s), 5 hit(s), 0 error(s), 0 left on base; Irvine 1 - Maui 4 |
TOP OF THE 5TH |
Irvine Gang Green batting - Pitching for Maui Tropics : RHP Hokusai Nakashima
|
Batting: RHB Earl Wiggins
|
0-0: DOUBLE (Flyball, 78D)
|
Batting: LHB Lorenzo Quintanilla
|
0-0: Called Strike 0-1: Ball 1-1: Ground out 5-3 (Groundball, 15S) Earl Wiggins to third
|
Batting: LHB Bryce Hopkins
|
0-0: Ball 1-0: Called Strike 1-1: Ground out 4-3 (Groundball, 4) Earl Wiggins scores
|
Batting: LHB Jesús Campos
|
0-0: Ball 1-0: Ball 2-0: Foul Ball, location: 2F 2-1: Ball 3-1: Base on Balls
|
Batting: LHB Leonardo Medina
|
0-0: Ball 1-0: Called Strike 1-1: Ball 2-1: Swinging Strike 2-2: Ground out 1-3 (Groundball, 13)
|
Top of the 5th over - 1 run(s), 1 hit(s), 0 error(s), 1 left on base; Irvine 2 - Maui 4 |
BOTTOM OF THE 5TH |
Maui Tropics batting - Pitching for Irvine Gang Green : LHP Frank Jackson
|
Batting: RHB Jesús Espinoza
|
0-0: Called Strike 0-1: Foul Ball, location: 2F 0-2: Ball 1-2: Ground out 3-1 (Groundball, 34)
|
Batting: RHB Juan Jose Guevana
|
0-0: Called Strike 0-1: Swinging Strike 0-2: Foul Ball, location: 2F 0-2: Fly out, F7 (Flyball, 7LDF)
|
Batting: RHB Ximena Campos
|
0-0: Ball 1-0: Foul Ball, location: 2F 1-1: Fly out, F7 (Flyball, 7D)
|
Bottom of the 5th over - 0 run(s), 0 hit(s), 0 error(s), 0 left on base; Irvine 2 - Maui 4 |
TOP OF THE 6TH |
Irvine Gang Green batting - Pitching for Maui Tropics : RHP Hokusai Nakashima
|
Batting: LHB Bill Murphy
|
0-0: Called Strike 0-1: Ground out 6-3 (Groundball, 56)
|
Batting: RHB José García
|
0-0: Ground out 5-3 (Groundball, 5)
|
Batting: RHB Pepe González
|
0-0: Called Strike 0-1: Foul Ball, location: 2F 0-2: Ball 1-2: Ground out 1-3 (Groundball, 13S)
|
Top of the 6th over - 0 run(s), 0 hit(s), 0 error(s), 0 left on base; Irvine 2 - Maui 4 |
BOTTOM OF THE 6TH |
Maui Tropics batting - Pitching for Irvine Gang Green : LHP Frank Jackson
|
Batting: RHB Damian Yates
|
0-0: Called Strike 0-1: SINGLE (Line Drive, 56)
|
Batting: RHB Phil White
|
0-0: Ball 1-0: Foul Ball, location: 2F 1-1: Grounds into double play, 6-4-3 (Groundball, 6)
|
Batting: RHB Armando Martínez
|
0-0: Ball 1-0: Ball 2-0: Foul Ball, location: 2F 2-1: Ball 3-1: Swinging Strike 3-2: Foul Ball, location: 2F 3-2: Foul Ball, location: 2F 3-2: Foul Ball, location: 2F 3-2: Foul Ball, location: 2F 3-2: Ground out 5-3 (Groundball, 56)
|
Bottom of the 6th over - 0 run(s), 1 hit(s), 0 error(s), 0 left on base; Irvine 2 - Maui 4 |
TOP OF THE 7TH |
Irvine Gang Green batting - Pitching for Maui Tropics : RHP Hokusai Nakashima
|
Batting: RHB José Salazar
|
0-0: Ground out 5-3 (Groundball, 56S)
|
Batting: RHB Earl Wiggins
|
0-0: Ball 1-0: Foul Ball, location: 2F 1-1: Swinging Strike 1-2: Reached on error, E5 (Groundball, 5L)
|
Batting: LHB Lorenzo Quintanilla
|
0-0: DOUBLE (Line Drive, 9LS) Earl Wiggins to third Runner from 3rd tries for Home, throw and OUT! Runner from 2nd tries for 3rd, throw and OUT! Double Play!
|
Top of the 7th over - 0 run(s), 1 hit(s), 1 error(s), 0 left on base; Irvine 2 - Maui 4 |
BOTTOM OF THE 7TH |
Maui Tropics batting - Pitching for Irvine Gang Green : LHP Frank Jackson
|
Batting: RHB Enrique Flores
|
0-0: Fly out, F9 (Flyball, 9LM)
|
Batting: RHB Jung-ha Kim
|
0-0: Swinging Strike 0-1: Swinging Strike 0-2: Ball 1-2: Foul Ball, location: 2F 1-2: Strikes out looking
|
Batting: RHB Pat Haynes
|
0-0: Called Strike 0-1: Ball 1-1: SINGLE (Groundball, 56D)
|
Batting: RHB Jesús Espinoza
|
0-0: Ball 1-0: Swinging Strike 1-1: Ball 2-1: Fly out, F9 (Flyball, 9M)
|
Bottom of the 7th over - 0 run(s), 1 hit(s), 0 error(s), 1 left on base; Irvine 2 - Maui 4 |
TOP OF THE 8TH |
Irvine Gang Green batting - Pitching for Maui Tropics : RHP Hokusai Nakashima
|
Now at SS: Javier Espinoza
|
|
Batting: LHB Bryce Hopkins
|
0-0: Ball 1-0: Called Strike 1-1: Ball 2-1: Ball 3-1: Foul Ball, location: 2F 3-2: Ground out U3 (Groundball, 3S)
|
Batting: LHB Jesús Campos
|
0-0: Called Strike 0-1: Foul Ball, location: 2F 0-2: Ball 1-2: Ball 2-2: SINGLE (Groundball, 34D)
|
Batting: LHB Leonardo Medina
|
0-0: Ball 1-0: DOUBLE (Line Drive, 89XD) Jesús Campos to third Runner from 3rd tries for Home, SAFE, no throw or cutoff
|
Batting: LHB Bill Murphy
|
0-0: Called Strike 0-1: Called Strike 0-2: Ground out 4-3 (Groundball, 4) Leonardo Medina to third
|
Batting: RHB José García
|
0-0: Ball 1-0: Called Strike 1-1: Ball 2-1: Called Strike 2-2: Ball 3-2: Foul Ball, location: 2F 3-2: Base on Balls
|
Pinch Hitting: LHB Tom Baker
|
0-0: Called Strike 0-1: SINGLE (Flyball, 78S) Leonardo Medina scores José García to second Runner from 2nd tries for 3rd, SAFE, throw made to third
|
Pitching: RHP Yong-taek Yi
|
|
Batting: RHB José Salazar
|
0-0: Fielders Choice at 2nd, 6-4 (Groundball, 6)
|
Top of the 8th over - 2 run(s), 3 hit(s), 0 error(s), 1 left on base; Irvine 4 - Maui 4 |
BOTTOM OF THE 8TH |
Maui Tropics batting - Pitching for Irvine Gang Green : LHP Frank Jackson
|
Now at SS: Santo Cruz
|
|
Batting: RHB Juan Jose Guevana
|
0-0: Called Strike 0-1: Ball 1-1: Foul Ball, location: 2F 1-2: Foul Ball, location: 2F 1-2: Foul Ball, location: 2F 1-2: Ball 2-2: Ball 3-2: Foul Ball, location: 2F 3-2: Foul Ball, location: 2F 3-2: SOLO HOME RUN (Line Drive, 78XD), Distance : 382 ft
|
Pitching: LHP José Gómez
|
|
Batting: RHB Ximena Campos
|
0-0: Foul Ball, location: 2F 0-1: DOUBLE (Line Drive, 5D)
|
Batting: RHB Damian Yates
|
0-0: Called Strike 0-1: Foul Ball, location: 2F 0-2: Ball 1-2: Ball 2-2: Ball 3-2: Reached on error, E5 (Groundball, 5) Ximena Campos scores
|
Batting: RHB Phil White
|
0-0: Ball 1-0: Ball 2-0: Fly out, F4 (Popup, 4)
|
Batting: RHB Armando Martínez
|
0-0: Intentional Walk
|
Pinch Hitting: RHB António Martínez
|
0-0: Ball 1-0: Called Strike 1-1: Foul Ball, location: 2F 1-2: Grounds into double play, 4-6-3 (Groundball, 4)
|
Bottom of the 8th over - 2 run(s), 2 hit(s), 1 error(s), 1 left on base; Irvine 4 - Maui 6 |
TOP OF THE 9TH |
Irvine Gang Green batting - Pitching for Maui Tropics : RHP Yong-taek Yi
|
Pitching: RHP Junior Mateo
|
|
Now at 2B: Doyle Otterburn
|
|
Now in LF: Mario Olivares
|
|
Batting: RHB Earl Wiggins
|
0-0: Ball 1-0: Swinging Strike 1-1: Foul Ball, location: 2F 1-2: Ball 2-2: Strikes out swinging
|
Batting: LHB Lorenzo Quintanilla
|
0-0: Called Strike 0-1: Foul Ball, location: 2F 0-2: Strikes out looking
|
Batting: LHB Bryce Hopkins
|
0-0: Ball 1-0: Ball 2-0: Ground out 4-3 (Groundball, 4)
|
Top of the 9th over - 0 run(s), 0 hit(s), 0 error(s), 0 left on base; Irvine 4 - Maui 6 |
|